AoeStats
← Hößi

Four Lakes

509968441Analyzed
1v1 RM · 3d ago on Sep 28, 2026· 59m 59s· 2 players
Game mode
Random Map
Map size
Tiny (2 player)
Population
200
Speed
Normal
Resources
Standard
Victory
Conquest
Starting age
Dark Age
Ending age
Imperial Age
RankedLock teamsTeams togetherTeam positionsShared explorationLock speedFull tech treeHidden civsTurbo modeCheats
Victory
Defeat
🇩🇪 Persians · Germany
1360
+17
🇺🇸 Slavs · United States
1382
-17
Hößi
8:22 Loom
10:08 Feudal Age
11:47 Double-Bit Axe
18:34 Castle Age
16:27 Horse Collar
20:17 Husbandry
22:02 Scale Barding Armor
22:30 Bloodlines
23:12 Heavy Plow
25:06 Chain Barding Armor
24:59 Forging
26:43 Gold Mining
27:34 Medium Warships
29:22 Fletching
31:54 Bodkin Arrow
41:46 Stone Mining
53:25 Wheelbarrow
52:35 Town Watch
56:46 Imperial Age
56:13 Iron Casting
55:39 Padded Archer Armor
56:56 Gold Shaft Mining
57:04 Hand Cart
56:25 Cavalier
57:42 Plate Barding Armor
59:01 Blast Furnace
59:56 Chemistry
60:24 Leather Archer Armor
Flyingsheep78
9:43 Feudal Age
8:40 Loom
10:17 Double-Bit Axe
10:14 Man-at-Arms
13:26 Horse Collar
16:20 Fletching
20:08 Castle Age
20:01 Padded Archer Armor
20:29 Crossbowman
21:06 Bodkin Arrow
20:45 Pikeman
21:28 Squires
23:03 Wheelbarrow
23:08 Bow Saw
23:28 Scale Mail Armor
23:38 Forging
23:51 Long Swordsman
25:48 Chain Mail Armor
36:35 Iron Casting
41:12 Fishing Lines
Connection lost

Rejoining the realm…

Still unreachable

The connection could not be restored.

Session expired

The server has moved on; the page needs a fresh start.